 Dungeon Crawl Stone Soup version 0.26-a0-812-g31a745ddcd (webtiles) character file.

Game seed: 13330512305587855516

3651 kae the Transmogrifier (level 9, 0/75 HPs)
             Began as a Troll Transmuter on Nov 16, 2020.
             Was an Initiate of Ru.
             Slain by a wight
             ... wielding a +2 mace
              (5 damage)
             ... on level 8 of the Dungeon.
             The game lasted 00:04:44 (6474 turns).

kae the Transmogrifier (Troll Transmuter)           Turns: 6474, Time: 00:04:45

Health: 0/75       AC:  6    Str: 23    XL:     9   Next: 88%
Magic:  4/9        EV: 10    Int:  9    God:    Ru [......]
Gold:   518        SH:  0    Dex: 16    Spells: 4/10 levels left

rFire    . . .     SeeInvis .     - Unarmed
rCold    . . .     Faith    .   (shield currently unavailable)
rNeg     . . .     Spirit   .   a - +0 robe
rPois    .         Reflect  .   (helmet restricted)
rElec    .         Harm     .   (no cloak)
rCorr    .         Rampage  .   (gloves unavailable)
MR       .....                  (boots unavailable)
Stlth    +.........             w - amulet of regeneration
HPRegen  1.02/turn              h - +6 ring of dexterity
MPRegen  0.11/turn              j - +4 ring of slaying

@: blade hands, mesmerised
A: large, unfitting armour, claws 3, regeneration 1, shaggy fur 1, tough skin 3
a: End Transformation, Renounce Religion


You were on level 8 of the Dungeon.
You worshipped Ru.
Ru was noncommittal.
You had blades for hands.
You visited 2 branches of the dungeon, and saw 9 of its levels.

You collected 518 gold pieces.

Inventory:

Hand Weapons
 u - a +4 scimitar of flaming
Armour
 a - a +0 robe (worn)
Jewellery
 h - a +6 ring of dexterity (left scythe-like blade)
 j - a +4 ring of slaying (right scythe-like blade)
 m - an uncursed ring of protection from cold
 w - an amulet of regeneration (around neck)
Wands
 c - a wand of paralysis (7)
Scrolls
 e - 7 scrolls of teleportation
 f - 3 scrolls of fear
 k - a scroll of holy word {unknown}
 l - 2 scrolls of remove curse
 o - a scroll of vulnerability {unknown}
 q - 2 scrolls of magic mapping
Potions
 b - 7 potions of curing
 d - 2 potions of berserk rage
 g - a potion of magic
 i - 2 potions of brilliance
 n - a potion of heal wounds
 p - a potion of flight {unknown}
 r - a potion of mutation {unknown}
 s - a potion of attraction {unknown}
 t - 2 potions of might {unknown}
 v - 3 potions of lignification {unknown}
 z - a potion of cancellation {unknown}


   Skills:
 - Level 0.7 Fighting
 - Level 1.5 Dodging
 + Level 8.7 Unarmed Combat
 - Level 1.2 Spellcasting
 * Level 9.1 Transmutations


You had 4 spell levels left.
You knew the following spells:

 Your Spells              Type           Power        Failure   Level
a - Beastly Appendage     Tmut           ###...       14%         1
b - Blade Hands           Tmut           ###.......   67%         5

Your spell library contained the following spells:

 Spells                   Type           Power        Failure   Level
 Wereblood                Tmut           ###.....     17%         2
 Spider Form              Tmut/Pois      #.........   58%         3
 Ice Form                 Ice/Tmut       #.......     87%         4


Dungeon Overview and Level Annotations

Branches:
Dungeon (8/15)             Temple (1/1) D:7
   Lair: D:8-11

Altars:
Ashenzari
Cheibriados
Dithmenos
Elyvilon
Fedhas
Gozag
Hepliaklqana
Kikubaaqudgha
Makhleb
Nemelex Xobeh
Okawaru
Qazlal
Ru
Sif Muna
Trog
Uskayaw
Vehumet
Wu Jian
Xom
Yredelemnul
Zin

Annotations:
D:8 Gastronok, Maggie


Innate Abilities, Weirdness & Mutations

You are too large for most types of armour.
You have claws for hands.
Your natural rate of healing is unusually fast.
You are covered in fur. (AC +1)
You have extremely tough skin. (AC +3)


Message History

You feel a bit more experienced.
A wight comes into view. It is wielding a +2 mace.
A wight comes into view.
It is wielding a +0 dagger and wearing a +2 robe of the Archmagi.
Maggie points at you and mumbles some strange words.
The bolt of fire hits you! Maggie closely misses you.
You slash Maggie!
Maggie is lightly wounded.
Maggie mumbles some strange words.
Maggie attempts to bespell you!
You are mesmerised by Maggie!
You slash Maggie!
Maggie is moderately wounded.
Maggie casts a spell at you. The bolt of fire hits you!!
* * * LOW HITPOINT WARNING * * *
You slice Maggie!!
Maggie is severely wounded.
The wight hits you with a +2 mace.
You die...

.>. ... @.. #.# .. #..# #.#..
#... ##?#. #.#.## +# ...
#.#..# .# ..##.# . #. #.## .#
....<+ ... #. #..# .# ####
..##.#
.....#.###@######.#....###
...
.......zz@................
################.##.##.#....#
# ...........# ..# #
####.##.####... # #
............... ..
.####.#.####... ##
#<........+ .. ####.#.#### ##
......... ...#.#


You could see Maggie (mesmerising) and 2 wights.

Vanquished Creatures
  Erica (D:8)
  An unseen horror (D:8)
  A slime creature (D:5)
  A wyvern (D:8)
  Duvessa (D:7)
  A sky beast (D:6)
  A phantom (D:8)
  A black bear (D:8)
  An ogre (D:6)
  2 centaurs
  A big kobold (D:5)
  4 bullfrogs
  Dowan (D:7)
  A scorpion (D:4)
  3 killer bees (D:8)
  5 wights (D:7)
  An electric eel (D:8)
  4 howler monkeys
  A bullfrog zombie (D:8)
  A hound (D:5)
  An orc wizard (D:7)
  An orc priest (D:6)
  2 jellies
  7 worker ants
  A worker ant zombie (D:6)
  4 gnolls
  10 adders
  A shadow imp (D:8)
  2 white imps
  3 oozes
  2 adder skeletons (D:4)
  3 worms
  4 dart slugs
  4 leopard geckos
  14 orcs
  10 bats
  5 giant cockroaches
  9 hobgoblins
  3 quokkas
  2 ball pythons
  4 frilled lizards
  4 goblins
  A jackal skeleton (D:7)
  5 kobolds
  A leopard gecko zombie (D:8)
  7 rats
143 creatures vanquished.

Vanquished Creatures (others)
  2 fungi (D:8)
2 creatures vanquished.

Grand Total: 145 creatures vanquished

Notes
Turn   | Place    | Note
-------+----------+-------------------------------------------
     0 | D:1      | kae the Troll Transmuter began the quest for the Orb.
     0 | D:1      | Reached XP level 1. HP: 18/18 MP: 1/1
   118 | D:1      | Reached XP level 2. HP: 18/26 MP: 2/2
   160 | D:1      | Reached skill level 2 in Transmutations
   767 | D:2      | Reached XP level 3. HP: 31/32 MP: 3/3
  1052 | D:2      | Reached XP level 4. HP: 40/40 MP: 4/4
  1210 | D:2      | Reached skill level 3 in Transmutations
  1670 | D:3      | Noticed a bullfrog
  1683 | D:3      | Killed a bullfrog
  1683 | D:3      | Reached XP level 5. HP: 26/46 MP: 5/5
  1945 | D:3      | Found a glowing silver altar of Zin.
  2423 | D:4      | Reached skill level 4 in Transmutations
  2469 | D:4      | Reached XP level 6. HP: 51/54 MP: 4/6
  2870 | D:4      | Found a shimmering altar of Xom.
  3258 | D:5      | Entered Level 5 of the Dungeon
  3390 | D:5      | Reached skill level 5 in Unarmed Combat
  3514 | D:5      | Found a transporter.
  3515 | D:5      | Found a snail-covered altar of Cheibriados.
  3516 | D:5      | Noticed a slime creature
  3521 | D:5      | Found a transporter.
  4026 | D:6      | Reached XP level 7. HP: 55/61 MP: 5/7
  4031 | D:6      | Reached skill level 5 in Transmutations
  4515 | D:6      | Found a radiant altar of Vehumet.
  4556 | D:6      | Found a hide-covered altar of Uskayaw.
  4677 | D:6      | Found a shadowy altar of Dithmenos.
  4775 | D:7      | Found a sacrificial altar of Ru.
  4935 | D:7      | Became a worshipper of Ru the Awakened
  5058 | D:7      | Found a staircase to the Ecumenical Temple.
  5064 | D:7      | Noticed Duvessa
  5072 | D:7      | Noticed Dowan
  5077 | D:7      | Killed Duvessa
  5077 | D:7      | Reached skill level 6 in Transmutations
  5077 | D:7      | Reached XP level 8. HP: 39/68 MP: 8/8
  5086 | Temple   | Entered the Ecumenical Temple
  5202 | D:7      | Killed Dowan
  5259 | D:7      | Found a sparkling altar of Nemelex Xobeh.
  5319 | D:7      | Found an ancient bone altar of Kikubaaqudgha.
  5372 | D:7      | Found an iron altar of Okawaru.
  5735 | D:5      | Killed a slime creature
  5741 | D:5      | Reached skill level 7 in Transmutations
  5838 | D:8      | Noticed Maggie
  5838 | D:8      | Noticed Gastronok
  6093 | D:8      | Reached XP level 9. HP: 67/75 MP: 7/9
  6120 | D:8      | Learned a level 5 spell: Blade Hands
  6182 | D:8      | Reached skill level 8 in Transmutations
  6402 | D:8      | Noticed Erica
  6413 | D:8      | Killed Erica
  6469 | D:8      | Killed an unseen horror
  6469 | D:8      | Reached skill level 9 in Transmutations
  6474 | D:8      | Slain by a wight

Illustrated notes

Levels and vault maps discovered:
D:1:      elethiomel_arrival_quiet, layout_basic, minmay_small_reverse_x
D:2:      layout_loops_ring
D:3:      layout_rooms, zin_scriptorium
D:4:      layout_loops_corners, lemuel_crystal_altar, minmay_puff
D:5:      layout_loops_corners, gammafunk_temple_overflow_arena
D:6:      layout_loops_ring, eat_drink_and_be_merry_uskayaw,
          lemuel_coloured_pillars_altar, grunt_dithmenos_smoke_and_mirrors,
          grunt_decor_cap
D:7:      layout_loops_cross, nicolae_overflow_crystal_walls,
          nemelex_xobeh_ov_fountains_minmay, overflow_temple_1_default,
          nicolae_ru_awakened_eye, temple_statues, serial_bayou_pond_a,
          uniq_duvessa
D:8:      layout_basic, fungi_pond_lemuel, uniq_maggie, uniq_erica,
          uniq_gastronok
Temple:   minmay_freezing_vapour_temple

Skill      XL: |  1  2  3  4  5  6  7  8  9 |
---------------+----------------------------+-----
Transmutations | 2 3 4 6 7 9 |  9.1
Unarmed Combat | 4 5 6 7 8 |  8.7
Fighting       | |  0.7
Dodging        | |  1.5
Spellcasting   | |  1.2

Action                   |  1- 3 |  4- 6 |  7- 9 || total
-------------------------+-------+-------+-------++-------
Melee: Unarmed           |    86 |   133 |   150 ||   369
       Headbutt          |     2 |     7 |     4 ||    13
       Kick              |     3 |    11 |    23 ||    37
       Punch             |       |     1 |     8 ||     9
 Cast: Beastly Appendage |     9 |    27 |    14 ||    50
       Blade Hands       |       |       |     2 ||     2
  Use: Scroll            |       |    12 |     3 ||    15
       Potion            |       |       |     1 ||     1
Armor: Robe              |    34 |    72 |    35 ||   141
Dodge: Dodged            |    52 |    66 |    81 ||   199

Table legend: (Time is in decaauts)
 A = Elapsed time spent in this place.
 B = Non-inter-level travel time spent in this place.
 C = Inter-level travel time spent in this place.
 D = Time resting spent in this place.
 E = Time spent auto-exploring this place.
 F = Levels seen in this place.
 G = Mean time per level.
                   A        B        C        D        E       F      G
               +--------+--------+--------+--------+--------+-----+--------+
         Total |   6443 |   6023 |    420 |    189 |   4867 |   9 |  715.9 |
       Dungeon |   6333 |   5918 |    415 |    179 |   4780 |   8 |  791.6 |
        Temple |    110 |    105 |      5 |     10 |     87 |   1 |  110.0 |
               +--------+--------+--------+--------+--------+-----+--------+

Top non-repeatable levels by time:
     D:4: 1173 daAuts
     D:7: 1051 daAuts
     D:5: 857 daAuts
     D:2: 823 daAuts
     D:6: 748 daAuts
     D:1: 730 daAuts
     D:3: 514 daAuts
     D:8: 435 daAuts
  Temple: 110 daAuts
